 Dungeon Crawl Stone Soup version 0.19-b1-3-g7dea586 (webtiles) character file.

123 Dunking the Skirmisher (level 5, 0/33 HPs)
             Began as a Tengu Abyssal Knight on Oct 28, 2016.
             Was a Believer of Lugonu.
             Slain by a gnoll
             ... wielding a +0 spear
              (7 damage)
             ... on level 4 of the Dungeon.
             The game lasted 00:03:48 (2777 turns).

Dunking the Skirmisher (Tengu Abyssal Knight)       Turns: 2777, Time: 00:03:50

Health: 0/33       AC:  4    Str: 12    XL:     5   Next: 7%
Magic:  7/7        EV: 12    Int: 12    God:    Lugonu [**....]
Gold:   98         SH:  0    Dex: 15    Spells: 0 memorised, 4 levels left

rFire  . . .     SeeInvis .     a - +2 falchion
rCold  . . .     Gourm    .     b - +0 leather armour
rNeg   . . .     Faith    .     (no shield)
rPois  .         Spirit   .     (helmet restricted)
rElec  .         Reflect  .     (no cloak)
rCorr  .         Harm     .     m - +0 pair of gloves
MR     .....                    (boots unavailable)
Stlth  +.........               l - amulet of inaccuracy (curse)
                                (no ring)
                                (no ring)

@: no status effects
A: beak, talons 3, able to fly 1
a: Fly, Depart the Abyss, Bend Space, Renounce Religion


You were on level 4 of the Dungeon.
You worshipped Lugonu.
Lugonu was pleased with you.
You were not hungry.

You visited 1 branch of the dungeon, and saw 4 of its levels.
You visited the Abyss 1 time.

You collected 98 gold pieces.

Inventory:

Hand Weapons
 a - a +2 falchion (weapon)
Armour
 b - a +0 leather armour (worn)
 m - a +0 pair of gloves (worn)
Jewellery
 l - a cursed amulet of inaccuracy (around neck)
Scrolls
 f - a scroll of fog {unknown}
 g - a scroll of identify
 o - a scroll of amnesia
Potions
 d - a potion of beneficial mutation {unknown}
 e - 2 potions of cure mutation
 h - 3 potions of heal wounds {unknown}
 j - a potion of degeneration {unknown}
 k - 2 potions of agility
 n - a potion of lignification
Comestibles
 c - a bread ration
 i - a beef jerky


   Skills:
 + Level 4.0 Fighting
 + Level 3.4 Long Blades
 - Level 2.3 Armour
 * Level 2.1 Dodging
 * Level 2.5 Invocations


You had 4 spell levels left.
You didn't know any spells.

Dungeon Overview and Level Annotations

Branches:
Dungeon (4/15)
 Temple: D:4-7

Altars:
Gozag
Nemelex Xobeh
Ru
Vehumet

Annotations:
D:3 AngelaSmythe's ghost, amateur VSBe


Innate Abilities, Weirdness & Mutations

You have a beak for a mouth.
You have claws for feet.
You can fly.


Message History

Things that are here:
a vampiric whip; a gnoll corpse You hit the gnoll but do no damage.
You claw the gnoll.
The gnoll is lightly wounded.
You closely miss the gnoll. You peck the gnoll, but do no damage.
The gnoll hits you with a spear. The gnoll hits you with a whip.
* * * LOW HITPOINT WARNING * * *
The gnoll barely misses you.
You barely miss the gnoll. Your kick misses the gnoll.
The gnoll hits you but does no damage. The gnoll closely misses you.
You miss the gnoll. Your peck misses the gnoll. The gnoll hits you with a whip.
* * * LOW HITPOINT WARNING * * *
The gnoll closely misses you.
You hit the gnoll. Your kick misses the gnoll. Your peck misses the gnoll.
The gnoll is moderately wounded.
The gnoll barely misses you.
You riposte.
You hit the gnoll. Your peck misses the gnoll.
The gnoll is moderately wounded.
The gnoll hits you with a spear!
You die...

.......<#
#.#.###.##########
.#.###.##.......#
...........#####.#
..#.###.#..####
#.#.....#
..##.##.#
#####.##.##.####
#..)@g......
####g####### #..
###. .# . ##


You could see 2 gnolls.

Vanquished Creatures
  4 adders
  2 gnolls (D:4)
  An ooze (D:1)
  A leopard gecko (D:1)
  A ball python (D:2)
  4 bats
  3 giant cockroaches
  10 goblins
  7 hobgoblins
  4 jackals (D:2)
  11 kobolds
  A quokka (D:2)
  7 frilled lizards
  6 rats
62 creatures vanquished.

Notes
Turn   | Place    | Note
-------+----------+-------------------------------------------
     0 | Abyss:1  | Dunking the Tengu Abyssal Knight began the quest for the Orb.
     0 | Abyss:1  | Reached XP level 1. HP: 14/14 MP: 3/3
     4 | Abyss:1  | Found a corrupted altar of Lugonu.
    37 | Abyss:1  | Noticed an ancient zyme
    38 | Abyss:1  | Noticed a tentacled starspawn
    38 | D:1      | Escaped the Abyss
   111 | D:1      | Reached * piety under Lugonu
   132 | D:1      | Reached XP level 2. HP: 12/19 MP: 4/4
   526 | D:1      | Reached XP level 3. HP: 21/23 MP: 5/5
  1170 | D:2      | Found a radiant altar of Vehumet.
  1272 | D:2      | Found a sacrificial altar of Ru.
  1301 | D:2      | Reached XP level 4. HP: 24/29 MP: 6/6
  1496 | D:2      | Found a sparkling altar of Nemelex Xobeh.
  1507 | D:2      | Reached ** piety under Lugonu
  1509 | D:2      | Found an opulent altar of Gozag.
  1719 | D:2      | HP: 2/43 [poisoned by an adder]
  2048 | D:2      | Reached skill level 4 in Fighting
  2749 | D:3      | Noticed AngelaSmythe's ghost (amateur VSBe)
  2771 | D:4      | Gained mutation: You can fly. [Tengu growth]
  2771 | D:4      | Reached XP level 5. HP: 17/33 MP: 7/7
  2777 | D:4      | Slain by a gnoll

Skill      XL: |  1  2  3  4 |
---------------+-------------+-----
Long Blades    | 3 |  3.4
Invocations    | 2 |  2.5
Fighting       | 4 |  4.0
Dodging        | 2 |  2.1
Armour         | |  2.3

Action                   |  1- 3 |  4- 6 || total
-------------------------+-------+-------++-------
Melee: Falchion          |    70 |    71 ||   141
       Kick              |    14 |    17 ||    31
       Peck              |     9 |    10 ||    19
Invok: Depart the Abyss  |     1 |       ||     1
  Use: Potion            |     2 |     2 ||     4
       Scroll            |       |     5 ||     5
 Stab: Sleeping          |       |     2 ||     2
  Eat: Chunk             |     1 |     2 ||     3
       Bread ration      |       |     1 ||     1
Armor: Leather armour    |    16 |    17 ||    33
       Skin              |     6 |     2 ||     8
Dodge: Dodged            |    45 |    69 ||   114
       Rpst.: Falchion   |    13 |    14 ||    27
